 Dungeon Crawl Stone Soup version 0.16.1-4-g8e1b745 (console) character file.

25 gw the Charlatan (level 2, -3/16 HPs)
             Began as a Deep Elf Artificer on Mar 28, 2015.
             Slain by a worker ant (7 damage)
             ... on level 4 of the Dungeon.
             The game lasted 00:00:47 (946 turns).

gw the Charlatan (Deep Elf Artificer)                Turns: 946, Time: 00:00:47

Health: -3/16      AC:  3    Str:  8    XL:     2   Next: 82%
Magic:  5/5        EV: 12    Int: 16    God:
Gold:   51         SH:  0    Dex: 15    Spells: 0 memorised, 1 level left

rFire  . . .     SeeInvis .     a - +0 short sword
rCold  . . .     Clarity  .     e - +0 leather armour
rNeg   . . .     SustAb   .     (no shield)
rPois  .         Gourm    .     (no helmet)
rElec  .         Spirit   .     (no cloak)
rCorr  .         Warding  .     (no gloves)
rMut   .         Stasis   .     (no boots)
MR     .....                    (no amulet)
Stlth  ++........               (no ring)
                                (no ring)

@: not resistant to hostile enchantments, unstealthy
A: no striking features
a: no special abilities


You were on level 4 of the Dungeon.
You were not hungry.

You visited 1 branch of the dungeon, and saw 4 of its levels.

You collected 51 gold pieces.

Inventory:

Hand weapons
 a - a +0 short sword (weapon)
Armour
 e - a +0 leather armour (worn)
Magical devices
 b - a wand of flame (10)
 c - a wand of enslavement (15)
 d - a wand of random effects (10)
Scrolls
 h - a scroll of enchant weapon {unknown}
 k - a scroll of remove curse {unknown}
Potions
 i - a potion of agility {unknown}
 j - a potion of flight {unknown}
 l - a potion of poison {unknown}
Comestibles
 f - 3 bread rations
 g - a meat ration


   Skills:
 + Level 1.4 Fighting
 * Level 1.9 Short Blades
 + Level 2.9 Dodging
 - Level 1.2 Stealth
 - Level 3.2 Evocations


You had one spell level left.
You didn't know any spells.

Dungeon Overview and Level Annotations

Branches:
Dungeon (4/15)
 Temple: D:4-7

Altars:


Message History

Unknown command.
Unknown command.
Evoke which item? (* to show all) (? for menu, Esc to quit)
Zapping:
d - a wand of random effects (12)
Press: ? - help, Shift-Dir - straight line, f/p - worker ant
Aim: a worker ant (almost dead)
The worker ant resists with significant effort.
This wand has 11 charges left.
The worker ant closely misses you.
Unknown command.
Unknown command.
Unknown command.
Unknown command.
Evoke which item? (* to show all) (? for menu, Esc to quit)
Zapping:
d - a wand of random effects (11)
Press: ? - help, Shift-Dir - straight line, f/p - worker ant
Aim: a worker ant (almost dead)
The worker ant flickers and vanishes!
Deactivating autopickup; reactivate with Ctrl-A.
This wand has 10 charges left.
Something bites you!
You die...

#.. #.# ##.#
...# ..# ...
# #.#
###.###{###
##......e..#
#.......<..#
=..........#
..........#
..........#
..........#
##+###.###
#.# ...


There were no monsters in sight!

Table legend:
 A = Turns spent in this place as a percentage of turns spent in the entire game.
 B = Non-inter-level travel turns spent in this place as a percentage of non-inter-level travel turns spent in the entire game.
 C = Inter-level travel turns spent in this place as a percentage of turns spent in this place.
 D = Turns resting spent in this place as a percentage of non-inter-level travel turns spent in this place.
 E = Turns spent auto-exploring this place as a percentage of non-inter-level travel turns spent in this place.
 F = Non-inter-level travel turns spent in this place divided by the number of levels of this place that you've seen.
                   A       B       C       D       E      F
               +-------+-------+-------+-------+-------+----------------------
         Total | 100.0 | 100.0 |   2.0 |   2.7 |   1.9 | 258.8
       Dungeon | 100.0 | 100.0 |   2.0 |   2.7 |   1.9 | 258.8
               +-------+-------+-------+-------+-------+----------------------

Table legend:
 A = Kills in this place as a percentage of kills in entire the game.
 B = Kills by you in this place as a percentage of kills by you in the entire game.
 C = Kills by friends in this place as a percentage of kills by friends in the entire game.
 D = Other kills in this place as a percentage of other kills in the entire game.
 E = Experience gained in this place as a percentage of experience gained in the entire game.
 F = Experience gained in this place divided by the number of levels of this place that you have seen.
                   A       B       C       D       E      F
               +-------+-------+-------+-------+-------+----------------------
         Total | 100.0 | 100.0 |  -nan |  -nan | 100.0 |   9.0
       Dungeon | 100.0 | 100.0 |  -nan |  -nan | 100.0 |   9.0
               +-------+-------+-------+-------+-------+----------------------

Vanquished Creatures
  A giant mite (D:1)
  A worm (D:3)
  A giant gecko (D:3)
  An ooze (D:1)
  A bat skeleton (D:3)
  A hobgoblin (D:3)
  3 giant newts (D:3)
  2 goblins
  A kobold (D:3)
  2 rats
14 creatures vanquished.

Notes
Turn   | Place    | Note
--------------------------------------------------------------
     0 | D:1      | gw, the Deep Elf Artificer, began the quest for the Orb.
     0 | D:1      | Reached XP level 1. HP: 11/11 MP: 2/2
    31 | D:1      | Reached skill level 1 in Fighting
    47 | D:1      | Reached XP level 2. HP: 9/16 MP: 5/5
   946 | D:4      | Slain by a worker ant

Action                   || total
-------------------------++-------
Melee: Short sword       ||    45
Evoke: Wand              ||    10

Vault maps used:
D:1:      dpeg_arrival_tiny_a
D:2:      minmay_overflow_temple_star_quad, uniq_sigmund,
          uniq_crazy_yiuf_cottage
D:3:      first_bread, serial_bayou_pond_b, wad_floor_pattern_1
D:4:      nemelex_xobeh_ov_fountains_minmay, elyvilon_altar_4,
          lemuel_crystal_altar, minmay_temple_entry_statues_pillars
